 BcadrenCrawl: Boulder Brew version 0.06-744-gf22570f5e0 (webtiles) character file.

Game seed: 2083761432145909670

71 LabCoat the Skirmisher (level 4, 0/59 HPs) Hill Orc Fighter. Began on Mar 9, 2023. Slain by Purgy (5 damage) ... on level 1 of the Dungeon. The game lasted 00:03:51 (770 turns).

LabCoat the Skirmisher (Hill Orc Fighter)            Turns: 770, Time: 00:03:52

Health: 0/59       AC:  6    Str: 19    XL:     4 ^: 63
Magic:  4/4        EV: 10    Int:  8    God:
Gold:   131        SH:  0    Dex: 10    Spells: 3/3 levels left

rFire    . . .     Slash    .   a - +0 war axe
rCold    . . .     Pierce   .   h - +0 spear
rNeg     . . .     Bludgeon .   b - +0 scale mail
rCorr    . . .     Vision   .   (no helmet)
rPois    .         Gourm    .   (no cloak)
rElec    .         Faith    .   (no gloves)
MR       .....     Spirit   .   (no boots)
HPRegen  0.29/turn Reflect  .   (no amulet)
MPRegen  0.14/turn Harm     .   (no ring)
Stlth    ..........             (no ring)

@: no status effects
A: soft flesh
a: no special abilities


You were on level 1 of the Dungeon.
You were not hungry.

You visited 1 branch of the dungeon, and saw 2 of its levels.

You collected 131 gold pieces.

Inventory:

Weapons
 a - a +0 war axe (weapon)
 h - a +0 spear (weapon) Shields
 c - a +0 heater shield
Armour
 b - a +0 scale mail (worn)
Jewellery
 i - a cursed ring of resist corrosion {(Curse: *Tele)}
Scrolls
 j - a scroll of enchantment
Potions
 d - 2 potions of heal wounds
 e - a potion of resistance
Comestibles
 f - 2 rations
 g - 9 chunks of flesh


   Skills:
 * Level 4.4 Fighting
 * Level 3.7 Axes & Hammers
 + Level 3.5 Armour
 * Level 1.2 Dodging
 + Level 3.5 Shields


You had 3 spell levels left.
You didn't know any spells.
Your spell library was empty.

Dungeon Overview and Level Annotations

Branches:
Dungeon (2/8)

Altars:

Annotations:
D:1 Purgy


Innate Abilities, Weirdness & Mutations

((Your soft flesh is weak to deep cuts.
Heavy manmade armour will nullify this weakness. (rSlashing-)))


Message History

Purgy is moderately wounded. (27/36) HP Purgy clenches his claws.
Purgy bites you but does no damage. Purgy claws you but does no damage.
Purgy closely misses you. Purgy barely misses you. Purgy claws you (1).
* * * LOW HITPOINT WARNING * * *
Purgy claws you but does no damage.
You hit Purgy (2). You barely miss Purgy.
Purgy is moderately wounded. (27/36) HP Purgy bites you (2).
* * * LOW HITPOINT WARNING * * *
Purgy claws you but does no damage. Purgy claws you (1).
* * * LOW HITPOINT WARNING * * *
Purgy bites you (2).
* * * LOW HITPOINT WARNING * * *
Purgy claws you (4).
* * * LOW HITPOINT WARNING * * *
Purgy claws you (3).
* * * LOW HITPOINT WARNING * * *
Purgy bites you (5).
You die...

...##......#.....##+##.#######...
.............≈≈≈.#≈≈≈#...# #...
)...###..###.≈>≈.#≈≈≈#.#.# #...
........## #.≈≈≈.#≈>≈#.#.#####...
.....#.## #####.#SSS#..)...###..
....##.# #.#SSS#..#.#......
..####.##### #.#####..#...##...
...........# #..≈.≈...###..#...
...........# #@T≈>.##.# ##.....
<#>##÷.##..# #..#≈###.####.....
#####......# ####.##.......#...
##.##..# #.....#.###...#. ###...#
###...###.......##
##.##..#####.....###.....#..#
#####...÷.............##÷....##..
#>#.#..##.#..................####
.........?####.........#.....####


You could see Purgy and 6 submerged adders.

Vanquished Creatures
  A giant cockroach (D:1)
  3 cinder newts (D:1)
  2 dart slugs (D:1)
  A ball python (D:1)
  5 goblins (D:1)
  8 hobgoblins (D:1)
  4 bats (D:1)
  4 kobolds (D:1)
  8 rats (D:1)
36 creatures vanquished.

Notes
Turn   | Place    | Note
-------+----------+-------------------------------------------
     0 | D:1      | LabCoat the Hill Orc Fighter began the quest for the Orb.
     0 | D:1      | Reached XP level 1. HP: 29/29 MP: 1/1
    61 | D:1      | Reached XP level 2. HP: 13/39 MP: 2/2
   237 | D:1      | Reached skill level 4 in Fighting
   240 | D:1      | Reached XP level 3. HP: 24/49 MP: 3/3
   366 | D:1      | Reached skill level 1 in Dodging
   443 | D:1      | Reached XP level 4. HP: 59/59 MP: 4/4
   755 | D:2      | Noticed Purgy
   770 | D:1      | Slain by Purgy

Illustrated notes

Levels and vault maps discovered:
D:1:      onia_arrival_handbag, layout_rooms, gup_sewer_entry_glass
D:2:      layout_sewer, amethyst_overflow_temple_binary, sewer_co_tree,
          basic_altar, uniq_purgy

Skill      XL: |  1  2  3 |
---------------+----------+-----
Axes & Hammers | 3 |  3.7
Fighting       | 4 |  4.4
Dodging        | 1 |  1.2
Armour         | |  3.5
Shields        | |  3.5

Action                   |  1- 3 |  4- 6 || total
-------------------------+-------+-------++-------
Melee: War axe           |    33 |    20 ||    53
       Spear             |    13 |    18 ||    31
  Use: Potion            |     1 |     2 ||     3
Armor: Scale mail        |    21 |    29 ||    50
Dodge: Dodged            |    12 |    12 ||    24
Block: Heater shield     |     4 |       ||     4
